 Dungeon Crawl Stone Soup version 0.29.1-2-gbd0b4ee654 (webtiles) character file.

Game seed: 7336477102649089683

93 qeuew the Chopper (level 4, -2/40 HPs)
             Began as a Hill Orc Monk on Nov 2, 2022.
             Slain by an ogre
             ... wielding a +0 giant club
              (24 damage)
             ... on level 4 of the Dungeon.
             The game lasted 00:03:50 (3586 turns).

qeuew the Chopper (Hill Orc Monk)                   Turns: 3586, Time: 00:03:50

Health: -2/40      AC:  7    Str: 15    XL:     4   Next: 61%
Magic:  4/4        EV: 11    Int: 10    God:
Gold:   128        SH:  0    Dex: 13    Spells: 3/3 levels left

rFire   . . .      SeeInvis .   a - +0 hand axe
rCold   . . .      Faith    .   (no shield)
rNeg    . . .      Spirit   .   d - +0 ring mail
rPois   .          Reflect  .   (no helmet)
rElec   .          Harm     .   (no cloak)
rCorr   .          Rampage  .   k - +1 pair of gloves
Will    .....                   (no boots)
Stlth   +.........              (no amulet)
HPRegen 0.13/turn               (no ring)
MPRegen 0.09/turn               (no ring)

@: no status effects
A: no striking features
a: no special abilities


You were on level 4 of the Dungeon.
You visited 1 branch of the dungeon, and saw 4 of its levels.

You collected 128 gold pieces.

Inventory:

Hand Weapons
 a - a +0 hand axe (weapon)
Armour
 d - a +0 ring mail (worn)
 k - a +1 pair of gloves (worn)
Jewellery
 l - a ring of poison resistance
Potions
 b - 2 potions of curing
 c - a potion of ambrosia
 e - a potion of heal wounds {unknown}
 f - 2 potions of haste
 h - 3 potions of invisibility
 i - a potion of might


   Skills:
 + Level 4.2 Fighting
 + Level 5.0 Axes
 * Level 2.4 Armour
 + Level 2.8 Dodging
 - Level 1.5 Stealth


You had 3 spell levels left.
You didn't know any spells.
Your spell library contained the following spells:

 Spells                   Type           Power      Damage    Failure   Level
 Alistair's Intoxication  Tmut/Pois      0%         N/A       100%        5
 Borgnjor's Vile Clutch   Necr/Erth      0%         N/A       100%        5
 Eringya's Noxious Bog    Tmut/Pois      0%         N/A       100%        6


Dungeon Overview and Level Annotations

Branches:
Dungeon (4/15)
 Temple: D:4-7

Altars:
Cheibriados
Wu Jian


Message History

There is a stone staircase leading up here.
e - a lumpy sapphire potion A goblin comes into view.
It is wielding a +0 dagger.
The goblin shouts!
A goblin is nearby!
The goblin hits you but does no damage.
You hit the goblin.
You kill the goblin!
No target in view!
No target in view!
No target in view!
An ogre comes into view. It is wielding a +0 giant club.
An ogre is nearby!
There is a stone staircase leading up here.
You hit the ogre.
The ogre is lightly wounded.
The ogre misses you.
You hit the ogre.
The ogre is moderately wounded.
You hit the ogre but do no damage.
The ogre is moderately wounded.
The ogre hits you with a +0 giant club!
You hit the ogre.
The ogre is heavily wounded.
The ogre barely misses you.
You hit the ogre but do no damage.
The ogre is heavily wounded.
You hit the ogre.
The ogre is heavily wounded.
The ogre hits you with a +0 giant club.
You barely miss the ogre.
The ogre is heavily wounded.
The ogre hits you with a +0 giant club!
You hit the ogre.
The ogre is heavily wounded.
You hit the ogre.
The ogre is severely wounded.
The ogre hits you with a +0 giant club!!
Ouch! That really hurt!
You die...

.# #####.####
..#.....#
#.#.....+
#####.#.....#
.!.......>..+
##........###
#...<@O......
#.......#.###
#.......#
#.......#
#)#+##### #.
#. #. #.


You could see an ogre.

Vanquished Creatures
  3 adders (D:2)
  A worm (D:3)
  A dart slug (D:2)
  8 endoplasms
  3 giant cockroaches (D:1)
  6 goblins
  5 hobgoblins
  2 jackals (D:2)
  3 quokkas (D:1)
  8 ball pythons
  4 frilled lizards
  7 kobolds
  6 rats
57 creatures vanquished.

Vanquished Creatures (others)
  2 plants (D:3)
2 creatures vanquished.

Grand Total: 59 creatures vanquished

Notes
Turn   | Place    | Note
-------+----------+-------------------------------------------
     0 | D:1      | qeuew the Hill Orc Monk began the quest for the Orb.
     0 | D:1      | Reached XP level 1. HP: 19/19 MP: 1/1
   439 | D:1      | Reached XP level 2. HP: 27/27 MP: 2/2
   456 | D:1      | Found a faded altar of an unknown god.
   764 | D:1      | Reached skill level 1 in Armour
   891 | D:1      | Reached XP level 3. HP: 30/33 MP: 3/3
  1914 | D:2      | Reached XP level 4. HP: 39/40 MP: 4/4
  1973 | D:2      | Reached skill level 5 in Axes
  2025 | D:2      | Found a snail-covered altar of Cheibriados.
  3382 | D:3      | Found a faded altar of an unknown god.
  3414 | D:3      | Found an ornate altar of the Wu Jian Council.
  3574 | D:4      | Noticed an ogre
  3586 | D:4      | Slain by an ogre

Illustrated notes

Levels and vault maps discovered:
D:1:      minmay_arrival_shattered_statue, layout_loops_corners,
          basic_ecumenical_altar
D:2:      layout_basic, basic_altar, minmay_statues_item
D:3:      layout_basic, nicolae_overflow_ecumenical_swirl,
          serial_bayou_lagoon_a, ebering_dispersal_statue_hall
D:4:      layout_basic, minmay_temple_entry_gardened_gates

Skill      XL: |  1  2  3  4 |
---------------+-------------+-----
Armour         | 1 2 |  2.4
Fighting       | 4 |  4.2
Axes           | 5 |  5.0
Dodging        | |  2.8
Stealth        | |  1.5

Action                   |  1- 3 |  4- 6 || total
-------------------------+-------+-------++-------
Melee: Hand axe          |   114 |    63 ||   177
       Punch             |     1 |     1 ||     2
  Use: Scroll            |     4 |     5 ||     9
       Potion            |     1 |     3 ||     4
Armor: Ring mail         |    46 |    19 ||    65
Dodge: Dodged            |    61 |    21 ||    82
